[Event "*** SCC Grand Prix: Titled Tuesday Blitz"]
[Site "Chess.com"]
[Date "2020.07.07"]
[Round "3"]
[White "PetrolulSah"]
[Black "albi1999"]
[Result "1/2-1/2"]
[WhiteElo "2176"]
[BlackElo "2473"]
[TimeControl "180+1"]
[EndTime "10:29:54 PDT"]
[Termination "Game drawn - insufficient material"]

1. d4 d5 2. c4 e6 3. Nf3 Nf6 4. g3 Bb4+ 5. Bd2 Be7 6. Bg2 Nbd7 7. O-O Ne4 8. Nc3 Nxd2 9. Nxd2 c6 10. e4 dxe4 11. Ndxe4 O-O 12. Re1 Re8 13. d5 cxd5 14. cxd5 exd5 15. Nxd5 Bf8 16. Rc1 Ne5 17. Nc7 Bg4 18.
f3 Qxd1 19. Rexd1 Nxf3+ 20. Kf2 Ne5 21. Nxa8 Bxd1 22. Rxd1 Rxa8 23. Nc3 Rb8 24. h3 Bc5+ 25. Kf1 Nc4 26. Rd7 Ne3+ 27. Kg1 b5 28. Ne4 Bb6 29. Nd6 b4 30. Kh2 Nxg2 31. Kxg2 Rd8 32. Rxd8+ Bxd8 33. Kf3 Kf8 34. Ke4 Ke7 35. Nc8+ Kd7 36. Nxa7 Bb6 37. Nb5 Kc6 38. Nd4+ Kc5 39. Nf5 g6 40. Nh6 f5+ 41.
Kd3 Kd5 42. Nf7 Bc7 43. g4 fxg4 44. hxg4 h5 45. gxh5 gxh5 46. Ng5 h4 47. Nh3 Bg3 48. a4 bxa3 49. bxa3 Ke5 50. Ke3 Kf5 51. Kf3 Bc7 52. a4 Ba5 53. Nf2 Bc7 54. Kg2 Bb6 55. Nd1 Kg4 56.
Nf2+ Kf4 57. Nh3+ Ke3 58. Ng5 Bd8 59. Ne6 Bf6 60. Kh3 Ke4 61. Nf8 Kf5 62. a5 Be7 63. a6 Bc5 64. Nd7 Bf2 65. Nb8 Ke6 66. Nc6 Kd7 67. a7 Bxa7 68. Nxa7 Kd6 69. Kxh4 1/2-1/2

[Event "*** SCC Grand Prix: Titled Tuesday Blitz"]
[Site "Chess.com"]
[Date "2020.07.07"]
[Round "3"]
[White "Onischuk_V"]
[Black "jacky72"]
[Result "1-0"]
[WhiteElo "2883"]
[BlackElo "2638"]
[TimeControl "180+1"]
[EndTime "10:29:55 PDT"]
[Termination "Onischuk_V won by checkmate"]

1. e4 e5 2. Nf3 Nc6 3. Bb5 a6 4.
Ba4 d6 5. c4 Bd7 6. O-O Nf6 7.
Nc3 g6 8. Re1 Bg7 9. Bxc6 Bxc6 10.
d4 O-O 11. b3 exd4 12. Nxd4 Bd7 13. Bb2 Re8 14. f3 Qe7 15. Qd2 Rad8 16. Rac1 c6 17.
Rcd1 Bc8 18. Nc2 Qc7 19. Ne3 Nh5 20. Ne2 Qb6 21. Bxg7 Nxg7 22. Qd4 Qxd4 23. Nxd4 Ne6 24. Kf2 Kg7 25. Rd2 Nxd4 26. Rxd4 f5 27. exf5 gxf5 28. Red1 Kf6 29. Rxd6+ Rxd6 30. Rxd6+ Be6 31. Rd2 b5 32.
cxb5 axb5 33. Rc2 Rc8 34. Rc5 Ra8 35. Rc2 c5 36. Rxc5 Rxa2+ 37. Kg3 b4 38. Kf4 Rb2 39.
Rb5 Rxb3 40. Nxf5 Rb2 41. Nd4 Bc4 42. Rb6+ Kf7 43. g4 b3 44. h4 Rd2 45. Nxb3 Rb2 46. Rb7+ Kg8 47. Nc5 Rf2 48. Ne4 Rf1 49. Nf6+ Kf8 50.
Nxh7+ Kg8 51. Nf6+ Kf8 52. g5 Be2 53. Rb3 Kf7 54. h5 Rh1 55. Rb7+ Kf8 56. g6 Bc4 57. Kg5 Rg1+ 58. Kh6 Be6 59. g7+ Rxg7 60. Rxg7 Bg4 61. Nxg4 Ke8 62. Kg6 Kd8 63. h6 Kc8 64. h7 Kb8 65.
h8=Q# 1-0

[Event "*** SCC Grand Prix: Titled Tuesday Blitz"]
[Site "Chess.com"]
[Date "2020.07.07"]
[Round "3"]
[White "ChessWarrior7197"]
[Black "Paladin61"]
[Result "1-0"]
[WhiteElo "2881"]
[BlackElo "2636"]
[TimeControl "180+1"]
[EndTime "10:29:57 PDT"]
[Termination "ChessWarrior7197 won on time"]

1. e4 c5 2. f4 d5 3. Bb5+ Bd7 4. Bxd7+ Qxd7 5. d3 Nc6 6. Nf3 e6 7. Qe2 Nf6 8. e5 Ng8 9. O-O Nh6 10. c3 Be7 11. h3 Nf5 12. Rd1 Rc8 13. Nbd2 h5 14.
Nf1 h4 15. Bd2 b5 16. Be1 a5 17. Ne3 Nxe3 18. Qxe3 a4 19. Rac1 Kf8 20. d4 c4 21.
a3 Ke8 22. Bd2 g6 23. Rf1 Qd8 24. Be1 Kd7 25. Ng5 Qf8 26. Qf3 Kc7 27. Qg4 Kb7 28. Bxh4 Rc7 29. Rf3 Na5 30. Rf2 Nb3 31. Rb1 Na5 32.
Nf3 Nb3 33. Bxe7 Qxe7 34. Rbf1 Na5 35. Ng5 Nb3 36. Qf3 Na5 37. g4 Nb3 38. Qg3 Rg8 39.
h4 Qe8 40. f5 gxf5 41. gxf5 Rc6 42. fxe6 fxe6 43. Rf7+ Ka6 44. R1f2 Nc1 45. Qg2 Nd3 46.
R2f6 Rh8 47. Nxe6 Rg8 48. Ng5 Rxf6 49. Rxf6+ 1-0

[Event "*** SCC Grand Prix: Titled Tuesday Blitz"]
[Site "Chess.com"]
[Date "2020.07.07"]
[Round "3"]
[White "TamirNabaty"]
[Black "bugsbunny444"]
[Result "1/2-1/2"]
[WhiteElo "2708"]
[BlackElo "2498"]
[TimeControl "180+1"]
[EndTime "10:29:57 PDT"]
[Termination "Game drawn by repetition"]

1. Nf3 d5 2. g3 Nc6 3. Bg2 e5 4. O-O e4 5. Ne1 f5 6. d3 Be6 7. c3 Nf6 8. f3 Bc5+ 9. Kh1 O-O 10. Nd2 a5 11. Nb3 Bb6 12. a4 d4 13. cxd4 Nxd4 14. Nxd4 Qxd4 15. Nc2 Qd5 16. fxe4 fxe4 17. Be3 Bxe3 18. Nxe3 Qg5 19. Rf4 Rad8 20. Qc2 exd3 21. exd3 c6 22. Re1 Nd5 23. Rxf8+ Rxf8 24. Nc4 Nb4 25. Qc3 Bd5 26. Ne3 Qxe3 27. Bxd5+ Nxd5 28. Rxe3 Nxc3 29. bxc3 Rf2 30. Re8+ Kf7 31. Rb8 Rb2 32. Kg1 Rb3 33. c4 Kf6 34. d4 h5 35. Ra8 Rb4 36.
Rxa5 Rxc4 37. d5 cxd5 38. Rxd5 Rxa4 39. Rxh5 Rb4 40. Rc5 Rd4 41. Rb5 Rd7 42. Kg2 Ke6 43.
h4 Kd6 44. Kh3 Kc6 45. Rb1 b5 46. Kg4 Kc5 47. Rc1+ Kb6 48. Rb1 Kc5 49. Rc1+ Kb6 50. Kf5 b4 51. g4 Kb5 52. h5 b3 53. g5 Kb4 54. Rc8 b2 55. Rb8+ Kc3 56. Kg6 Kc2 57.
Rc8+ Kd2 58. Rb8 Kc2 59. Rc8+ Kd2 60. Rb8 Kc2 1/2-1/2

[Event "*** SCC Grand Prix: Titled Tuesday Blitz"]
[Site "Chess.com"]
[Date "2020.07.07"]
[Round "3"]
[White "TargetA"]
[Black "sergiochess83"]
[Result "0-1"]
[WhiteElo "2557"]
[BlackElo "2842"]
[TimeControl "180+1"]
[EndTime "10:29:58 PDT"]
[Termination "sergiochess83 won by resignation"]

1. e4 c6 2. d4 d5 3. Nc3 dxe4 4. Nxe4 Bf5 5. Ng3 Bg6 6. h4 h6 7. Nf3 e6 8. Ne5 Bh7 9. Bc4 Nd7 10. Bf4 Ngf6 11.
Qe2 Nxe5 12. Bxe5 Bb4+ 13. c3 Bd6 14. Rd1 O-O 15. O-O Qe7 16. f4 Nd5 17. f5 Bxe5 18. Qxe5 Qxh4 19. fxe6 fxe6 20. Qxe6+ Kh8 21. Bxd5 Qxg3 22. Bb3 Rae8 23. Rxf8+ Rxf8 24. Rf1 Rxf1+ 25. Kxf1 Qf4+ 26. Ke2 Qe4+ 27. Qxe4 Bxe4 28. g3 g5 29. Ke3 Bg2 30. c4 Kg7 31. d5 cxd5 32. cxd5 Kf6 33.
Kd4 h5 34. Bd1 h4 35. gxh4 gxh4 36. Bg4 h3 37. Bxh3 Bxh3 38. Kc5 Ke7 39. a4 Kd7 40. a5 Bf1 41. b4 a6 42. Kb6 Kd6 43. Kxb7 Kxd5 44.
Kb6 Bb5 45. Kc7 Kc4 46. Kd6 Kxb4 47. Kd5 Kxa5 48. Kd4 Kb4 49. Ke3 Kc3 0-1

[Event "*** SCC Grand Prix: Titled Tuesday Blitz"]
[Site "Chess.com"]
[Date "2020.07.07"]
[Round "3"]
[White "LuckIsMySkill"]
[Black "Mikasinski"]
[Result "0-1"]
[WhiteElo "2685"]
[BlackElo "2443"]
[TimeControl "180+1"]
[EndTime "10:29:58 PDT"]
[Termination "Mikasinski won by resignation"]

1. Nf3 Nf6 2. c4 g6 3. g3 Bg7 4. Bg2 O-O 5. O-O d6 6. Nc3 Nc6 7. d3 e5 8. Rb1 Re8 9. b4 Bg4 10. Bg5 h6 11. Bxf6 Bxf6 12. Nd2 Bg7 13. b5 Na5 14. Nb3 Nxb3 15. axb3 Rb8 16. Ra1 e4 17. Nxe4 Bxa1 18. Qxa1 Bxe2 19. Re1 Bxd3 20. Nf6+ Qxf6 21. Rxe8+ Rxe8 22. Qxf6 Re1+ 23. Bf1 Bxf1 24. Qc3 Rb1 25. h4 Bxc4+ 26. Kh2 Bd5 27. g4 Rxb3 28.
Qxc7 Rxb5 29. Qb8+ Kg7 30. Qxa7 Be6 31. f3 Rb2+ 32.
Kg3 Rb4 33. Qa3 Rb3 34. Qxd6 b5 35. Kf4 Bc4 36. Qd2 Rd3 37. Qb2+ Kg8 38. g5 hxg5+ 39. Kxg5 Rd5+ 40. Kg4 Rf5 41. Qd4 Kh7 42. Kg3 Rh5 43. Qd8 Rf5 44. Kf2 Be6 45. Ke3 b4 46. Qb8 b3 47.
Qb4 Bd5 48. f4 Be6 49. Kf3 Rh5 50. Kg3 Rd5 51. Qxb3 Rg5+ 52. fxg5 Bxb3 53. Kf4 Be6 54. Ke5 Kg7 55. Kd6 Bg4 56. Ke5 Bh5 57. Kd6 Kf8 58.
Kd7 Bg4+ 59. Kd6 Ke8 60. Ke5 Ke7 0-1

[Event "*** SCC Grand Prix: Titled Tuesday Blitz"]
[Site "Chess.com"]
[Date "2020.07.07"]
[Round "3"]
[White "regular_legs"]
[Black "Parkas"]
[Result "1-0"]
[WhiteElo "2530"]
[BlackElo "2332"]
[TimeControl "180+1"]
[EndTime "10:29:58 PDT"]
[Termination "regular_legs won by resignation"]

1. d4 g6 2. e4 Bg7 3. c4 d6 4. Nc3 e5 5. Nge2 Nc6 6. Be3 exd4 7.
Nxd4 Nge7 8. h4 f5 9. h5 fxe4 10. Nxe4 Bf5 11. Nxf5 Nxf5 12. Bg5 Qd7 13. hxg6 hxg6 14.
Rxh8+ Bxh8 15. Bd3 Ne5 16. Kf1 Ne7 17. Be2 O-O-O 18.
Kg1 Re8 19. Qd2 Qf5 20. Ng3 Qe6 21. Rc1 Nf5 22. Nxf5 Qxf5 23. Be3 Kb8 24. a4 b6 25. a5 Ng4 26. Bxg4 Qxg4 27. a6 Qe4 28. b4 Be5 29. b5 Qh4 30. Qd5 Bh2+ 31. Kf1 Qe4 32. Rd1 Qxd5 33.
cxd5 Be5 34. Ke2 Kc8 35. Kf3 Kd7 36. Rh1 Rf8+ 37. Ke4 Rf7 38. f4 Bc3 39. g4 Bb4 40.
Rh6 Bc5 41. Bd2 Re7+ 42. Kd3 Rg7 43. g5 Ke7 44. Bc3 Rg8 45. Bf6+ Kd7 46. Rh7+ Kc8 47. Rg7 Rxg7 48. Bxg7 Kd7 49. Ke4 Bb4 50. f5 gxf5+ 51. Kxf5 Ke7 52. Bf6+ Kf7 53. g6+ Kg8 54. Bd8 Bc5 55.
Bxc7 Kg7 56. Bb8 1-0

[Event "*** SCC Grand Prix: Titled Tuesday Blitz"]
[Site "Chess.com"]
[Date "2020.07.07"]
[Round "3"]
[White "Brave_spirit12"]
[Black "SidArun"]
[Result "1-0"]
[WhiteElo "2431"]
[BlackElo "2202"]
[TimeControl "180+1"]
[EndTime "10:29:58 PDT"]
[Termination "Brave_spirit12 won by resignation"]

1. e4 c6 2. Nc3 d5 3. Nf3 dxe4 4. Nxe4 Nf6 5. Nxf6+ exf6 6. d4 Bg4 7. Bf4 Bd6 8.
Qd2 Bxf4 9. Qxf4 Bxf3 10. gxf3 Qa5+ 11. c3 Nd7 12. Qe4+ Kf8 13. Be2 Re8 14. Qd3 c5 15. dxc5 Nxc5 16. Qd6+ Kg8 17. O-O-O Qxa2 18. Qxc5 Qa1+ 19.
Kc2 Rxe2+ 20. Kd3 Qa6+ 21. c4 Re8 22. Kc3 h6 23. Rhe1 Rxe1 24. Rxe1 Kh7 25. Qf5+ g6 26. Qd7 Kg7 27. Re7 Rf8 28. Qxb7 Qa5+ 29. Qb4 Qf5 30. Re3 Rd8 31. Qe7 Rd1 32. Qxa7 Rc1+ 33. Kb4 Qc2 34. b3 Qd2+ 35. Kb5 Qxf2 36. Re7 Qxa7 37. Rxa7 Rc3 38.
b4 Rxf3 39. c5 Rc3 40. c6 f5 41. c7 f4 42. Kb6 f3 43. b5 g5 44. Ra3 f2 45. Rxc3 f1=Q 46. c8=Q Qf2+ 47. Qc5 Qf6+ 48. Qc6 Qf2+ 49. Kb7 Qxh2 50. Rf3 Qe5 51. Rd3 Qe7+ 52. Rd7 Qe3 53. b6 g4 54. Qd5 Qf4 55. Ka8 g3 56.
b7 Qa4+ 57. Kb8 Qf4+ 58. Kc8 g2 59. Qxg2+ Kf6 60. Qd5 1-0

[Event "*** SCC Grand Prix: Titled Tuesday Blitz"]
[Site "Chess.com"]
[Date "2020.07.07"]
[Round "3"]
[White "ZEN-22"]
[Black "Gusarov91"]
[Result "1/2-1/2"]
[WhiteElo "2403"]
[BlackElo "2576"]
[TimeControl "180+1"]
[EndTime "10:29:59 PDT"]
[Termination "Game drawn by repetition"]

1. e4 c5 2. b4 b6 3. Nf3 Bb7 4. bxc5 Bxe4 5. cxb6 axb6 6. Nc3 Bb7 7. d4 Nf6 8. d5 g6 9. d6 Bg7 10. Nb5 O-O 11.
Be2 Ne4 12. Rb1 exd6 13. Bb2 Bxb2 14. Rxb2 Qf6 15. Qd4 d5 16. Qxf6 Nxf6 17. Nc7 Ra3 18. Rxb6 Rxa2 19. Rxb7 Ra1+ 20. Bd1 Na6 21. Nxa6 Re8+ 22.
Kd2 Ne4+ 23. Kd3 Nxf2+ 24. Kd2 Nxh1 25. Be2 Nf2 26. Nc5 Ne4+ 27. Nxe4 dxe4 28. Nd4 d5 29. Bb5 e3+ 30. Ke2 Re4 31. Nc6 Rg1 32. Kf3 Kf8 33. Bd3 Re8 34. Be2 Rc1 35. Nd4 Re4 36. Rb4 h5 37. Bd3 Re5 38. Kf4 Re8 39. Rb5 Rh1 40.
Kg3 h4+ 41. Kh3 Rd1 42. Rxd5 e2 43. Nxe2 Rxe2 44. Rd4 Rdd2 45. Rg4 Rf2 46. Rg5 Kg7 47. Rg4 f5 48. Rxh4 Rxg2 49. Rc4 Rxh2+ 50. Kg3 Rdf2 51. Rc6 g5 52. Bxf5 Rhg2+ 53. Kh3 Rh2+ 54. Kg3 Rfg2+ 55. Kf3 Rf2+ 56. Kg3 1/2-1/2

[Event "*** SCC Grand Prix: Titled Tuesday Blitz"]
[Site "Chess.com"]
[Date "2020.07.07"]
[Round "3"]
[White "Roza_Idrisova"]
[Black "GrafLermontov"]
[Result "0-1"]
[WhiteElo "2211"]
[BlackElo "2485"]
[TimeControl "180+1"]
[EndTime "10:29:59 PDT"]
[Termination "GrafLermontov won by checkmate"]

1. d4 Nf6 2. Nf3 g6 3. c4 Bg7 4. Nc3 d5 5. cxd5 Nxd5 6. e4 Nxc3 7. bxc3 c5 8. Bb5+ Bd7 9. Bxd7+ Qxd7 10. O-O O-O 11.
Be3 cxd4 12. cxd4 Rd8 13. Rb1 Nc6 14. d5 Na5 15. Bd4 b6 16. Bxg7 Kxg7 17. Qd4+ Kg8 18.
Rfd1 Rac8 19. h3 Rc4 20. Qd2 Rxe4 21. Ng5 Re5 22. Qf4 Qf5 23. Qxf5 Rxf5 24. Nf3 Rfxd5 25. Re1 e6 26. Rb2 Kg7 27. Kh2 h6 28. Rc1 R8d7 29.
Rbc2 g5 30. Rc8 Nb7 31. R1c2 Nc5 32. Rc6 h5 33. Rc8 g4 34. hxg4 hxg4 35. Ng1 Ne4 36. g3 Ng5 37. Kg2 Rd2 38. R8c4 Rxc2 39. Rxc2 f5 40.
f3 gxf3+ 41. Nxf3 Nxf3 42. Kxf3 Kf6 43. Rc3 Rd2 44. Ra3 a5 45. Rb3 Rxa2 46. Rxb6 Ra3+ 47.
Kf4 a4 48. Ra6 Ra1 49. g4 Rf1+ 50. Kg3 Rg1+ 51. Kf3 Rxg4 52. Ra8 Rb4 53. Ra5 Rb3+ 54. Kf4 a3 55. Ra6 a2 56. Rxa2 e5# 0-1

[Event "*** SCC Grand Prix: Titled Tuesday Blitz"]
[Site "Chess.com"]
[Date "2020.07.07"]
[Round "3"]
[White "druskacik"]
[Black "kakakz"]
[Result "1-0"]
[WhiteElo "2573"]
[BlackElo "2378"]
[TimeControl "180+1"]
[EndTime "10:30:01 PDT"]
[Termination "druskacik won by resignation"]

1. e4 e6 2. d4 d5 3. Bd3 c5 4. exd5 Qxd5 5. Nc3 Qd8 6. Nf3 Nc6 7. Bb5 Bd7 8. O-O cxd4 9. Nxd4 Nxd4 10. Qxd4 Bxb5 11. Nxb5 Qxd4 12. Nxd4 a6 13. Be3 Nf6 14. c4 Rc8 15. Rac1 Bc5 16. Nc2 Ng4 17. Bxc5 Rxc5 18. h3 Ne5 19.
Ne3 a5 20. b3 Ke7 21. Rfd1 Rcc8 22. Rd4 Rhd8 23. Rcd1 Rxd4 24. Rxd4 Nc6 25. Rd2 f5 26. Kf1 f4 27. Nc2 e5 28. Ke2 e4 29. Rd5 Rd8 30.
Rxd8 Kxd8 31. g3 fxg3 32. fxg3 Ke7 33. Ke3 Ke6 34. Kxe4 g5 35. Nd4+ Kd6 36. Nxc6 Kxc6 37. Kd4 h5 38. a3 h4 39. gxh4 gxh4 40. b4 axb4 41. axb4 Kd6 42. c5+ Kc6 43. Kc4 Kc7 44.
b5 Kd7 45. Kd5 Kc7 46. Ke5 Kd7 47. Kf5 Ke7 48. Kg5 Ke6 49. Kxh4 Kd5 50. c6 bxc6 51. bxc6 Kxc6 52. Kg5 Kd7 53. Kg6 Ke8 54. Kg7 1-0

[Event "*** SCC Grand Prix: Titled Tuesday Blitz"]
[Site "Chess.com"]
[Date "2020.07.07"]
[Round "3"]
[White "Vision_64"]
[Black "mbachez"]
[Result "1-0"]
[WhiteElo "2195"]
[BlackElo "2427"]
[TimeControl "180+1"]
[EndTime "10:30:01 PDT"]
[Termination "Vision_64 won by resignation"]

1. e4 c6 2. Nf3 d5 3. Nc3 dxe4 4.
Nxe4 Nf6 5. Qe2 Bf5 6. Nxf6+ gxf6 7. d3 e6 8. Be3 Nd7 9. O-O-O Qa5 10. Kb1 O-O-O 11.
Nd4 Bg6 12. g3 Nb6 13. Nb3 Qa4 14. Bxb6 axb6 15. Bg2 Bd6 16. h4 h5 17. Qe3 Kc7 18.
Rhe1 Ra8 19. Nc1 Ra5 20. Qf3 Bf5 21. Re4 Bxe4 22. dxe4 Be5 23. Qd3 Kb8 24. f4 Bc7 25. Qc3 e5 26. Rd7 Rc5 27. Qd2 exf4 28. Nb3 Rc4 29. gxf4 Rg8 30. a3 b5 31. Rxf7 b4 32. Qd7 Rc8 33. Bh3 f5 34. Bxf5 Rxc2 35. Qxc8+ Ka7 36.
Kxc2 bxa3 37. Qxc7 Qc4+ 38. Kb1 a2+ 39. Kxa2 Qa6+ 40.
Kb1 Qd3+ 41. Kc1 Qf1+ 42. Kc2 Qc4+ 43. Kd2 Qb4+ 44. Ke2 Qc4+ 45. Kf2 Qc2+ 46. Ke1 Qb1+ 47. Ke2 Qxb2+ 48. Nd2 Qb5+ 49. Ke3 Qc5+ 50. Ke2 Qb5+ 51. Kf2 Qc5+ 52. Kg2 Qb5 53. Qxb7+ Qxb7 54. Rxb7+ Kxb7 1-0

[Event "*** SCC Grand Prix: Titled Tuesday Blitz"]
[Site "Chess.com"]
[Date "2020.07.07"]
[Round "3"]
[White "barbara25"]
[Black "I_Hit_18K_on_BS"]
[Result "1-0"]
[WhiteElo "2306"]
[BlackElo "2053"]
[TimeControl "180+1"]
[EndTime "10:30:01 PDT"]
[Termination "barbara25 won by resignation"]

1. e4 c5 2. Nf3 d6 3. d4 cxd4 4. Nxd4 Nf6 5. Nc3 a6 6. f3 e5 7. Nb3 Be6 8. Be3 Nbd7 9. Qd2 b5 10. O-O-O Nb6 11. Kb1 Nc4 12. Bxc4 bxc4 13. Nc1 Qc7 14. g4 Rb8 15. h4 Be7 16. h5 Nd7 17. g5 Nc5 18. g6 h6 19. gxf7+ Bxf7 20. f4 exf4 21. Bxf4 Qb6 22. b3 O-O 23. Nd5 Qb7 24. Rdg1 Bxd5 25. exd5 Bf6 26. Bxh6 Ne4 27. Qg2 Nc3+ 28. Ka1 Qxd5 29. Bxg7 Qxg2 30. Rxg2 Bxg7 31. h6 Rb7 32. hxg7 Rxg7 33. Rxg7+ Kxg7 34. Kb2 Nd5 35. bxc4 Ne3 36. Kc3 d5 37. cxd5 Nxd5+ 38. Kd4 Nb4 39. c4 Rd8+ 40.
Kc5 Nd3+ 41. Nxd3 Rxd3 42. Rh2 Kf7 43. Re2 Ra3 44. Kc6 Rc3 45. c5 a5 46. Kb6 a4 47. c6 a3 48. c7 Rc4 49. Kb7 Rb4+ 50. Kc6 Rc4+ 51. Kb6 Kf6 52. Re8 Rb4+ 53. Ka5 Rb2 54. c8=Q Rxa2 55. Rf8+ Ke5 56. Qf5+ Kd4 57.
Rd8+ Kc3 58. Qf3+ Kc2 59. Rc8+ Kb2 60. Qe2+ Kb3 61. Qd3+ Kb2 62. Rc2+ 1-0

[Event "*** SCC Grand Prix: Titled Tuesday Blitz"]
[Site "Chess.com"]
[Date "2020.07.07"]
[Round "3"]
[White "Dr-Bassem"]
[Black "olksuna"]
[Result "1-0"]
[WhiteElo "2808"]
[BlackElo "2608"]
[TimeControl "180+1"]
[EndTime "10:30:02 PDT"]
[Termination "Dr-Bassem won by resignation"]

1. e4 c5 2. Nf3 Nc6 3. g3 g6 4.
Bg2 Bg7 5. O-O e5 6. c3 Nge7 7.
a3 O-O 8. d3 d6 9. b4 b6 10.
Nbd2 h6 11. Bb2 Be6 12. Nc4 Qd7 13.
b5 Nd8 14. a4 f5 15. exf5 Bxf5 16. Nfxe5 dxe5 17. Bxa8 Qxd3 18. Ne3 Ne6 19. Bg2 Kh7 20.
Nxf5 Qxf5 21. Qe2 Ng5 22. Rad1 e4 23. h4 Nf3+ 24. Kh1 g5 25. Bxf3 exf3 26. Qd3 gxh4 27. g4 Qxd3 28. Rxd3 Ng6 29. Rd7 Ne5 30. Rxg7+ Kxg7 31. c4 Rd8 32. Bxe5+ Kg6 33. Kh2 Rd2 34. Kh3 Kg5 35.
Bb8 Ra2 36. Bxa7 Rxa4 37. Bxb6 Rxc4 38. Bd8+ Kf4 39. b6 Rb4 40. Kxh4 c4 41. Bc7+ Ke4 42.
Kh5 c3 43. Kxh6 Kd3 44. g5 c2 45. Rc1 Rb1 46. Rxc2 Kxc2 47. g6 Rh1+ 48. Kg5 Rg1+ 49. Kf6 Rg2 50. b7 Rxf2 51. b8=Q Re2 52. Bb6 f2 53. Qc7+ 1-0

[Event "*** SCC Grand Prix: Titled Tuesday Blitz"]
[Site "Chess.com"]
[Date "2020.07.07"]
[Round "3"]
[White "giantslayer83"]
[Black "nikitakhoroshev"]
[Result "0-1"]
[WhiteElo "2720"]
[BlackElo "2517"]
[TimeControl "180+1"]
[EndTime "10:30:03 PDT"]
[Termination "nikitakhoroshev won by resignation"]

1. d4 Nf6 2. c4 d6 3. Nf3 Nbd7 4. Nc3 e5 5. g3 Be7 6. Bg2 c6 7. O-O e4 8. Ng5 d5 9. cxd5 cxd5 10. f3 exf3 11.
exf3 h6 12. Nh3 O-O 13. Nf4 Nb6 14. b3 Bb4 15. Bb2 Re8 16. Nd3 Bd6 17. Qd2 a6 18. Rae1 Bf5 19. Ne5 Rc8 20. g4 Bh7 21. h3 Bb4 22. a3 Bxc3 23. Bxc3 Nbd7 24. Ba5 b6 25. Bc3 Nf8 26. Rc1 Ne6 27. Rfe1 g5 28. Bf1 b5 29.
Ba5 Qd6 30. b4 Nf4 31. Rc5 Nd7 32. Nxd7 Qxd7 33. Bb6 Rxe1 34. Qxe1 Re8 35. Qf2 Bd3 36.
Bc7 Bxf1 37. Bxf4 gxf4 38. Kxf1 Re3 39. Rc2 Qa7 40. Rc8+ Kg7 41. Rc5 Qd7 42. Kg2 Qe6 43.
Rc2 Qf6 44. Rd2 Rxa3 45. h4 Re3 46. h5 Qe7 47. Rc2 Qxb4 48. Ra2 Qxd4 49. Rxa6 Qe5 50. Ra2 b4 51. Qd2 b3 52. Rb2 Qc3 53. Kf2 d4 54.
Qxc3 dxc3 55. Rxb3 c2 0-1

[Event "*** SCC Grand Prix: Titled Tuesday Blitz"]
[Site "Chess.com"]
[Date "2020.07.07"]
[Round "3"]
[White "Fusikk"]
[Black "Caterpiller35"]
[Result "1-0"]
[WhiteElo "2557"]
[BlackElo "2365"]
[TimeControl "180+1"]
[EndTime "10:30:03 PDT"]
[Termination "Fusikk won on time"]

1. e4 c5 2. Nf3 Nc6 3. d4 cxd4 4. Nxd4 e5 5. Nb5 d6 6. c4 Be6 7. Be3 Be7 8. Be2 Nf6 9. Nd2 O-O 10. O-O a6 11. Nc3 Rc8 12. Nd5 Bxd5 13. cxd5 Nb4 14. Rc1 Nxa2 15. Rxc8 Qxc8 16. Qa4 Nc1 17. Bc4 b5 18.
Qb4 Ng4 19. Bb6 Qb8 20. Ba5 bxc4 21. Rxc1 Qa7 22. Bb6 Rb8 23. Bxa7 Rxb4 24. h3 Bg5 25. Rxc4 Rxc4 26. Nxc4 Nf6 27. Nxd6 Bc1 28. b3 Ba3 29. Bb8 Bxd6 30. Bxd6 Nxe4 31. Bxe5 f6 32. Bd4 Kf7 33. f3 Nd2 34. b4 Nb3 35. Be3 Ke7 36. Bf4 Kd7 37. Kf2 a5 38. bxa5 Nxa5 39. Ke3 Nc4+ 40. Kd4 Nb6 41. Bd2 Kd6 42. Bb4+ Kd7 43. Ba5 Nc8 44.
Kc5 Nd6 45. Bd2 Nf5 46. g4 Nh4 47. f4 Nf3 48. Be3 Nh4 49. d6 Ng6 50. Kd5 Nf8 51. f5 1-0

[Event "*** SCC Grand Prix: Titled Tuesday Blitz"]
[Site "Chess.com"]
[Date "2020.07.07"]
[Round "3"]
[White "Love_craft"]
[Black "shineatchess"]
[Result "1-0"]
[WhiteElo "2433"]
[BlackElo "2168"]
[TimeControl "180+1"]
[EndTime "10:30:04 PDT"]
[Termination "Love_craft won on time"]

1. Nf3 Nf6 2. g3 d5 3. Bg2 e6 4. O-O Be7 5. d3 O-O 6. Nbd2 Nc6 7. e4 dxe4 8. dxe4 e5 9. c3 Bc5 10. Qe2 Qe7 11. Nc4 a6 12. Nh4 Bg4 13. Bf3 Be6 14. Ne3 g6 15. Nd5 Bxd5 16. exd5 Nd8 17. b4 Ba7 18.
Bg5 Qd6 19. c4 c5 20. dxc6 Nxc6 21. Rad1 Nd4 22. Rxd4 Bxd4 23. c5 Qe6 24. Bxb7 Rab8 25. c6 Nd5 26. Bh6 Rfe8 27. a3 Re7 28. Nf3 f6 29.
Qxa6 Nc7 30. Qe2 Bb6 31. Rd1 e4 32. Nd4 Qh3 33. Bf4 g5 34. Bxc7 Rxc7 35. Qc4+ Kg7 36. Ne6+ Kh6 37. Nxc7 Bxf2+ 38. Kxf2 Qxh2+ 39. Ke3 Qxg3+ 40. Kd2 Rd8+ 41. Nd5 Qf2+ 42. Kc1 Qf3 43. c7 Rxd5 44. Rxd5 Qxa3+ 45. Kb1 1-0

[Event "*** SCC Grand Prix: Titled Tuesday Blitz"]
[Site "Chess.com"]
[Date "2020.07.07"]
[Round "3"]
[White "sasko1234"]
[Black "Alexandercs432"]
[Result "1-0"]
[WhiteElo "2394"]
[BlackElo "2144"]
[TimeControl "180+1"]
[EndTime "10:30:04 PDT"]
[Termination "sasko1234 won on time"]

1. b3 e5 2. Bb2 Nc6 3. e3 Nf6 4.
Nf3 Bd6 5. d4 exd4 6. exd4 O-O 7. Be2 Re8 8. O-O Bf8 9. d5 Ne7 10. c4 Ng6 11. Re1 a5 12. Nc3 Bc5 13. Na4 Ba7 14.
Bd4 Bxd4 15. Qxd4 d6 16. Nc3 Bg4 17. h3 Bd7 18. Bd3 Rxe1+ 19. Rxe1 Qf8 20. Bxg6 hxg6 21. a3 Re8 22. b4 axb4 23. axb4 Rxe1+ 24. Nxe1 Qe8 25. Nf3 b6 26. c5 bxc5 27. bxc5 Bf5 28. c6 Ne4 29. Nb5 Qb8 30. Qa4 Nc5 31. Qa5 Be4 32.
Qxc7 Qxc7 33. Nxc7 Kf8 34. Ng5 Bf5 35. g4 Bc8 36.
Nb5 Ke7 37. f3 f6 38. Ne4 Nxe4 39. fxe4 Kd8 40. Nxd6 Ba6 41. Nb7+ Kc7 42. Nc5 Bc4 43.
Ne6+ Kd6 44. Kf2 Bd3 45. Ke3 Bb1 46. Nxg7 Bc2 47. h4 Bd1 48. h5 gxh5 49. gxh5 1-0

[Event "*** SCC Grand Prix: Titled Tuesday Blitz"]
[Site "Chess.com"]
[Date "2020.07.07"]
[Round "3"]
[White "alexsergeyev"]
[Black "Sashadav97"]
[Result "0-1"]
[WhiteElo "2359"]
[BlackElo "2546"]
[TimeControl "180+1"]
[EndTime "10:30:05 PDT"]
[Termination "Sashadav97 won on time"]

1. d4 d5 2. c4 e6 3. Nc3 Nf6 4. Bg5 dxc4 5. e3 a6 6. Bxc4 b5 7. Bd3 Bb7 8. Nf3 c5 9. O-O Be7 10. dxc5 Bxc5 11. a4 b4 12. Bxf6 gxf6 13. Ne4 Be7 14.
Qe2 O-O 15. Rfd1 Qa5 16. Nd4 f5 17. Ng3 Qe5 18. f4 Qg7 19. Rac1 Bf6 20. Nh5 Qg6 21. Nxf6+ Qxf6 22. Rc7 Bd5 23. a5 Rd8 24. Rdc1 Nd7 25. Bxa6 Nb8 26. Bd3 Rxa5 27. Rc8 Nd7 28. g4 fxg4 29.
Qxg4+ Kh8 30. Qg5 Qxg5+ 31. fxg5 Rxc8 32. Rxc8+ Kg7 33. e4 Ba8 34. Kf2 Nc5 35. Ke3 Bb7 36. Rc7 Nxd3 37. Kxd3 Ba6+ 38. Ke3 Kg6 39. h4 h6 40.
gxh6 Rh5 41. Nf3 Rxh6 42. Kf4 Kf6 43. e5+ Kg6 44. Ra7 Be2 45. Rb7 Bxf3 46. Kxf3 Rxh4 47. Kg3 Rc4 48. Kf3 Rd4 49. Ke3 Rh4 50. Kd3 Kf5 51. Rxf7+ Kxe5 52. Rc7 Kd5 0-1

[Event "*** SCC Grand Prix: Titled Tuesday Blitz"]
[Site "Chess.com"]
[Date "2020.07.07"]
[Round "3"]
[White "amatatanav"]
[Black "Chess_Boxer123"]
[Result "0-1"]
[WhiteElo "2423"]
[BlackElo "2669"]
[TimeControl "180+1"]
[EndTime "10:30:06 PDT"]
[Termination "Chess_Boxer123 won on time"]

1. e4 c5 2. Ne2 Nc6 3. Nbc3 Nf6 4. d4 cxd4 5. Nxd4 e5 6. Ndb5 d6 7. Nd5 Nxd5 8. exd5 Nb8 9. c4 Be7 10. c5 O-O 11. Bd3 Bd7 12. cxd6 Bxb5 13. dxe7 Qxe7 14. d6 Qh4 15. O-O Bc6 16. Qe2 Nd7 17. Bb5 Rac8 18. Rd1 Rfe8 19. Be3 Qe4 20. Bxc6 Rxc6 21. f3 Qb4 22. a3 Qa4 23. Rd2 a6 24. Rad1 h6 25. Bf2 Re6 26. Rd3 Qc4 27. Qd2 b5 28. h3 Qa4 29.
Qe2 f6 30. R3d2 Qb3 31. Rd3 Qc4 32. Qd2 Qa2 33. Qe2 Kf7 34. Qd2 Kg8 35. Qb4 Qc4 36.
Qd2 Qf4 37. Qe2 Kf7 38. Be3 Qc4 39. Bf2 Qc2 40. R3d2 Qc4 41. Rd3 a5 42. Qd2 Qa4 43. Rd5 b4 44. axb4 axb4 45. Qd3 b3 46. Rb5 Rexd6 47.
Rd5 Nc5 48. Qd2 Nb7 49. Qd3 Kg8 50. Qg6 Ra6 51. Bc5 Rxd5 52. Rxd5 Qc6 0-1